TOP OF THE 1ST |
Northwest Arkansas Naturals batting - Pitching for Erie SeaWolves : RHP Jerome Stady
|
Pitching: RHP Jerome Stady
|
|
Batting: SHB Ryoji Hiraoka
|
0-0: Called Strike 0-1: Fly out, F8 (Flyball, 8RXD, EV 79.4 MPH)
|
Batting: RHB Kazuki Arai
|
0-0: Foul Ball, location: 2F 0-1: SOLO HOME RUN (Flyball, 7D, EV 97.5 MPH) (Inside the Park)
|
Batting: RHB Alex Cid
|
0-0: Swinging Strike 0-1: Swinging Strike 0-2: Ground out 5-3 (Groundball, 56S, EV 81.9 MPH)
|
Batting: RHB Kevin Wimberly
|
0-0: Ball 1-0: Foul Ball, location: 2F 1-1: Swinging Strike 1-2: Foul Ball, location: 2F 1-2: Ball 2-2: Ball 3-2: Foul Ball, location: 2F 3-2: Foul Ball, location: 2F 3-2: Ground out 4-3 (Groundball, 4, EV 101.9 MPH)
|
Top of the 1st over - 1 run, 1 hit, 0 errors, 0 left on base; Northwest Arkansas 1 - Erie 0 |
BOTTOM OF THE 1ST |
Erie SeaWolves batting - Pitching for Northwest Arkansas Naturals : RHP Philip Terrell
|
Pitching: RHP Philip Terrell
|
|
Batting: RHB Eric Angelle
|
0-0: Swinging Strike 0-1: Ball 1-1: Ball 2-1: Fly out, F7 (Flyball, 7D, EV 110.0 MPH)
|
Batting: RHB Tony Soto
|
0-0: Ball 1-0: Fly out, F8 (Flyball, 8RXD, EV 85.0 MPH)
|
Batting: RHB John Evancho
|
0-0: Fly out, F8 (Line Drive, 78M, EV 98.1 MPH)
|
Bottom of the 1st over - 0 runs, 0 hits, 0 errors, 0 left on base; Northwest Arkansas 1 - Erie 0 |
TOP OF THE 2ND |
Northwest Arkansas Naturals batting - Pitching for Erie SeaWolves : RHP Jerome Stady
|
Batting: RHB Andy Urquhart
|
0-0: Ball 1-0: Foul Ball, location: 2F 1-1: Ball 2-1: Fly out, F8 (Flyball, 89D, EV 92.5 MPH)
|
Batting: RHB Edwin Ramos
|
0-0: Ball 1-0: Fly out, F9 (Flyball, 89S, EV 92.5 MPH)
|
Batting: RHB Chad Sullivan
|
0-0: DOUBLE (Line Drive, 78M, EV 98.1 MPH)
|
Batting: RHB Eric Erickson
|
0-0: Ball 1-0: Fly out, F2 (Popup, 23F, EV 78.8 MPH)
|
Top of the 2nd over - 0 runs, 1 hit, 0 errors, 1 left on base; Northwest Arkansas 1 - Erie 0 |
BOTTOM OF THE 2ND |
Erie SeaWolves batting - Pitching for Northwest Arkansas Naturals : RHP Philip Terrell
|
Batting: RHB Adam MacConnell
|
0-0: Swinging Strike 0-1: Called Strike 0-2: Ground out 1-3 (Groundball, 13S, EV 73.1 MPH)
|
Batting: RHB Tanner Purchase
|
0-0: Ball 1-0: Called Strike 1-1: Called Strike 1-2: Ground out 5-3 (Groundball, 5, EV 84.4 MPH)
|
Batting: LHB Nick Nino
|
0-0: Ball 1-0: Ball 2-0: Ball 3-0: Base on Balls
|
Batting: RHB Jose Evangelista
|
0-0: Ball 1-0: Called Strike 1-1: Ball 2-1: Ball 3-1: Base on Balls Nick Nino to second
|
Batting: RHB Willie Ochoa
|
0-0: Ball 1-0: Ball 2-0: Called Strike 2-1: Foul Ball, location: 2F 2-2: Foul Ball, location: 2F 2-2: Foul Ball, location: 2F 2-2: Ball 3-2: Fly out, F8 (Flyball, 8RD, EV 101.9 MPH)
|
Bottom of the 2nd over - 0 runs, 0 hits, 0 errors, 2 left on base; Northwest Arkansas 1 - Erie 0 |
TOP OF THE 3RD |
Northwest Arkansas Naturals batting - Pitching for Erie SeaWolves : RHP Jerome Stady
|
Batting: SHB Danny Ballenger
|
0-0: Foul Ball, location: 2F 0-1: Foul Ball, location: 2F 0-2: Strikes out swinging
|
Batting: SHB Ryoji Hiraoka
|
0-0: Ball 1-0: Ball 2-0: Called Strike 2-1: Swinging Strike 2-2: Ground out 4-3 (Groundball, 4S, EV 76.9 MPH)
|
Batting: RHB Kazuki Arai
|
0-0: Called Strike 0-1: Ball 1-1: Foul Ball, location: 2F 1-2: Strikes out looking
|
Top of the 3rd over - 0 runs, 0 hits, 0 errors, 0 left on base; Northwest Arkansas 1 - Erie 0 |
BOTTOM OF THE 3RD |
Erie SeaWolves batting - Pitching for Northwest Arkansas Naturals : RHP Philip Terrell
|
Batting: RHB Mike Sebastian
|
0-0: SINGLE (Groundball, 4MD, EV 93.8 MPH)
|
Batting: RHB Eric Angelle
|
0-0: Foul Ball, location: 2F 0-1: Ball 1-1: Foul Ball, location: 2F 1-2: Foul Ball, location: 2F 1-2: Strikes out swinging
|
Batting: RHB Tony Soto
|
0-0: Ball 1-0: Ball 2-0: Ball 3-0: Called Strike 3-1: Swinging Strike 3-2: Foul Ball, location: 2F 3-2: Fly out, F9 (Flyball, 9LS, EV 76.2 MPH)
|
Batting: RHB John Evancho
|
0-0: Ball 1-0: Ball Mike Sebastian steals 2nd, throwing error, E2 Mike Sebastian to third 2-0: Called Strike 2-1: Ball 3-1: TRIPLE (Groundball, 3L, EV 103.1 MPH) Mike Sebastian scores
|
Batting: RHB Adam MacConnell
|
0-0: Foul Ball, location: 2F 0-1: Ball 1-1: Ground out 1-3 (Groundball, 13, EV 68.8 MPH)
|
Bottom of the 3rd over - 1 run, 2 hits, 1 error, 1 left on base; Northwest Arkansas 1 - Erie 1 |
TOP OF THE 4TH |
Northwest Arkansas Naturals batting - Pitching for Erie SeaWolves : RHP Jerome Stady
|
Batting: RHB Alex Cid
|
0-0: Ball 1-0: Ball 2-0: Fly out, F8 (Flyball, 8LD, EV 96.2 MPH)
|
Batting: RHB Kevin Wimberly
|
0-0: Called Strike 0-1: Called Strike 0-2: Strikes out swinging
|
Batting: RHB Andy Urquhart
|
0-0: Swinging Strike 0-1: Fly out, F8 (Flyball, 89M, EV 85.0 MPH)
|
Top of the 4th over - 0 runs, 0 hits, 0 errors, 0 left on base; Northwest Arkansas 1 - Erie 1 |
BOTTOM OF THE 4TH |
Erie SeaWolves batting - Pitching for Northwest Arkansas Naturals : RHP Philip Terrell
|
Batting: RHB Tanner Purchase
|
0-0: Fly out, F7 (Flyball, 7D, EV 87.5 MPH)
|
Batting: LHB Nick Nino
|
0-0: Ball 1-0: Ball 2-0: Called Strike 2-1: Called Strike 2-2: Foul Ball, location: 2F 2-2: Fly out, F9 (Flyball, 9, EV 75.6 MPH)
|
Batting: RHB Jose Evangelista
|
0-0: Fly out, F4 (Line Drive, 4, EV 61.9 MPH)
|
Bottom of the 4th over - 0 runs, 0 hits, 0 errors, 0 left on base; Northwest Arkansas 1 - Erie 1 |
TOP OF THE 5TH |
Northwest Arkansas Naturals batting - Pitching for Erie SeaWolves : RHP Jerome Stady
|
Batting: RHB Edwin Ramos
|
0-0: Ball 1-0: Fly out, F9 (Flyball, 9LSF, EV 90.6 MPH)
|
Batting: RHB Chad Sullivan
|
0-0: SINGLE (Line Drive, 6D, EV 100.0 MPH)
|
Batting: RHB Eric Erickson
|
0-0: Grounds into double play, 6-4-3 (Groundball, 6, EV 85.6 MPH)
|
Top of the 5th over - 0 runs, 1 hit, 0 errors, 0 left on base; Northwest Arkansas 1 - Erie 1 |
BOTTOM OF THE 5TH |
Erie SeaWolves batting - Pitching for Northwest Arkansas Naturals : RHP Philip Terrell
|
Batting: RHB Willie Ochoa
|
0-0: Ball 1-0: Ground out 6-3 (Groundball, 6, EV 105.6 MPH)
|
Batting: RHB Mike Sebastian
|
0-0: Swinging Strike 0-1: Ball 1-1: Swinging Strike 1-2: Foul Ball, location: 2F 1-2: SINGLE (Groundball, 56, EV 101.9 MPH)
|
Batting: RHB Eric Angelle
|
0-0: Called Strike 0-1: Ball 1-1: Ball 2-1: Foul Ball, location: 2F 2-2: Grounds into double play, 5-4-3 (Groundball, 56, EV 103.8 MPH)
|
Bottom of the 5th over - 0 runs, 1 hit, 0 errors, 0 left on base; Northwest Arkansas 1 - Erie 1 |
TOP OF THE 6TH |
Northwest Arkansas Naturals batting - Pitching for Erie SeaWolves : RHP Jerome Stady
|
Batting: SHB Danny Ballenger
|
0-0: Ball 1-0: Foul Ball, location: 2F 1-1: Ground out 2-3 (Groundball, 15S, EV 71.9 MPH)
|
Batting: SHB Ryoji Hiraoka
|
0-0: Called Strike 0-1: Ball 1-1: Ball 2-1: Fly out, F7 (Flyball, 7, EV 88.1 MPH)
|
Batting: RHB Kazuki Arai
|
0-0: Ball 1-0: Ball 2-0: Ball 3-0: Base on Balls
|
Batting: RHB Alex Cid
|
0-0: Ball Kazuki Arai steals 2nd base 1-0: Fly out, F9 (Flyball, 89M, EV 93.1 MPH)
|
Top of the 6th over - 0 runs, 0 hits, 0 errors, 1 left on base; Northwest Arkansas 1 - Erie 1 |
BOTTOM OF THE 6TH |
Erie SeaWolves batting - Pitching for Northwest Arkansas Naturals : RHP Philip Terrell
|
Batting: RHB Tony Soto
|
0-0: Ball 1-0: Called Strike 1-1: Foul Ball, location: 2F 1-2: Ball 2-2: Foul Ball, location: 2F 2-2: Foul Ball, location: 2F 2-2: Ground out 6-3 (Groundball, 6, EV 88.1 MPH)
|
Batting: RHB John Evancho
|
0-0: Ball 1-0: Ground out 4-3 (Groundball, 4, EV 84.4 MPH)
|
Batting: RHB Adam MacConnell
|
0-0: Called Strike 0-1: Ball 1-1: Called Strike 1-2: Ball 2-2: Ball 3-2: Fly out, F7 (Line Drive, 78M, EV 100.6 MPH)
|
Bottom of the 6th over - 0 runs, 0 hits, 0 errors, 0 left on base; Northwest Arkansas 1 - Erie 1 |
TOP OF THE 7TH |
Northwest Arkansas Naturals batting - Pitching for Erie SeaWolves : RHP Jerome Stady
|
Batting: RHB Kevin Wimberly
|
0-0: Ball 1-0: Swinging Strike 1-1: Foul Ball, location: 2F 1-2: Ball 2-2: Ground out 5-3 (Groundball, 5L, EV 86.9 MPH)
|
Batting: RHB Andy Urquhart
|
0-0: Called Strike 0-1: Ball 1-1: Ball 2-1: Ball 3-1: Called Strike 3-2: Base on Balls
|
Batting: RHB Edwin Ramos
|
0-0: Ball 1-0: Foul Ball, location: 2F 1-1: Ball 2-1: Fly out, F8 (Flyball, 8RD, EV 101.2 MPH)
|
Pitching: RHP Eddie Hodgson
|
|
Pinch Hitting: LHB Bobby Gonzalez
|
0-0: Called Strike 0-1: Ball 1-1: Ball 2-1: Foul Ball, location: 2F 2-2: Strikes out swinging
|
Top of the 7th over - 0 runs, 0 hits, 0 errors, 1 left on base; Northwest Arkansas 1 - Erie 1 |
BOTTOM OF THE 7TH |
Erie SeaWolves batting - Pitching for Northwest Arkansas Naturals : RHP Philip Terrell
|
Now at 1B: Bobby Gonzalez
|
|
Batting: RHB Tanner Purchase
|
0-0: Called Strike 0-1: Foul Ball, location: 2F 0-2: Fly out, F9 (Flyball, 9, EV 78.8 MPH)
|
Batting: LHB Nick Nino
|
0-0: Ball 1-0: Hit by Pitch
|
Batting: RHB Jose Evangelista
|
0-0: Ball 1-0: Called Strike 1-1: SINGLE (Groundball, 6D, EV 99.4 MPH) Nick Nino to second
|
Batting: RHB Willie Ochoa
|
0-0: DOUBLE (Line Drive, 89M, EV 113.8 MPH) Nick Nino scores Jose Evangelista to third
|
Batting: RHB Mike Sebastian
|
0-0: Called Strike 0-1: Ball 1-1: Foul Ball, location: 2F 1-2: Ground out 6-3 (Groundball, 6M, EV 85.0 MPH)
|
Batting: RHB Eric Angelle
|
0-0: Called Strike 0-1: Foul Ball, location: 2F 0-2: Strikes out swinging
|
Bottom of the 7th over - 1 run, 2 hits, 0 errors, 2 left on base; Northwest Arkansas 1 - Erie 2 |
TOP OF THE 8TH |
Northwest Arkansas Naturals batting - Pitching for Erie SeaWolves : RHP Eddie Hodgson
|
Pinch Hitting: LHB Joe Cozart
|
0-0: Foul Ball, location: 2F 0-1: Swinging Strike 0-2: Strikes out swinging
|
Batting: SHB Danny Ballenger
|
0-0: Called Strike 0-1: Foul Ball, location: 2F 0-2: Strikes out looking
|
Batting: SHB Ryoji Hiraoka
|
0-0: Ball 1-0: Ball 2-0: Ball 3-0: Base on Balls
|
Batting: RHB Kazuki Arai
|
0-0: Foul Ball, location: 2F 0-1: Foul Ball, location: 2F 0-2: Ball 1-2: Fly out, F4 (Line Drive, 3, EV 65.0 MPH)
|
Top of the 8th over - 0 runs, 0 hits, 0 errors, 1 left on base; Northwest Arkansas 1 - Erie 2 |
BOTTOM OF THE 8TH |
Erie SeaWolves batting - Pitching for Northwest Arkansas Naturals : RHP Philip Terrell
|
Pitching: RHP Kevin Fleming
|
|
Now at 1B: Andy Urquhart
|
|
Now at 3B: Joe Cozart
|
|
Now in CF: Bobby Gonzalez
|
|
Batting: RHB Tony Soto
|
0-0: Called Strike 0-1: Ball 1-1: Ball 2-1: Ball 3-1: Base on Balls
|
Batting: RHB John Evancho
|
0-0: Ball 1-0: Ball 2-0: Foul Ball, location: 2F 2-1: Swinging Strike 2-2: Strikes out swinging
|
Batting: RHB Adam MacConnell
|
0-0: Ball 1-0: Ball 2-0: Ball 3-0: Called Strike 3-1: Called Strike 3-2: Grounds into double play, 6-4-3 (Groundball, 6, EV 79.4 MPH)
|
Bottom of the 8th over - 0 runs, 0 hits, 0 errors, 0 left on base; Northwest Arkansas 1 - Erie 2 |
TOP OF THE 9TH |
Northwest Arkansas Naturals batting - Pitching for Erie SeaWolves : RHP Eddie Hodgson
|
Pitching: RHP Cameron Maxwell
|
|
Batting: RHB Alex Cid
|
0-0: Foul Ball, location: 2F 0-1: Foul Ball, location: 2F 0-2: Ball 1-2: Ball 2-2: Fly out, F8 (Flyball, 8LD, EV 90.0 MPH)
|
Batting: RHB Kevin Wimberly
|
0-0: Called Strike 0-1: Called Strike 0-2: SINGLE (Line Drive, 6D, EV 97.5 MPH)
|
Batting: RHB Andy Urquhart
|
0-0: SINGLE (Flyball, 9S, EV 89.4 MPH) Kevin Wimberly to second Runner from 2nd tries for 3rd, OUT! 9-5
|
Batting: RHB Edwin Ramos
|
0-0: Called Strike 0-1: Ball 1-1: Foul Ball, location: 2F 1-2: Strikes out swinging
|
Top of the 9th over - 0 runs, 2 hits, 0 errors, 1 left on base; Northwest Arkansas 1 - Erie 2 |
|